 Dungeon Crawl Stone Soup version 0.31-a0-1300-gb6740aa4e6 (console) character file.

Game seed: 11160481306670546456

191579 petzl the Peltast (level 19, -1/131 (146) HPs)
             Began as a Formicid Delver on Dec 18, 2023.
             Was a High Priest of Vehumet.
             Slain by a rockslime (43 damage)
             ... on level 1 of the Pits of Slime on Dec 20, 2023.
             The game lasted 04:21:51 (45587 turns).

petzl the Peltast (Formicid Delver)                Turns: 45587, Time: 04:21:53

HP:   -1/131 (146)  AC: 11    Str: 22    XL:     19   Next: 36%
MP:   10/35         EV: 19    Int: 16    God:    Vehumet [*****.]
Gold: 2238          SH: 14    Dex: 15    Spells: 1/42 levels left

rFire   . . .        b - +5 orcbow {elec, *Corrode rPois Str+3}
rCold   . . .        E - +0 kite shield
rNeg    . . .        e - +0 acid dragon scales
rPois   +            (helmet unavailable)
rElec   .            g - scarf {repulsion}
rCorr   +            I - +0 pair of gloves
SInv    +            O - +0 pair of boots
Will    +....        N - amulet of the acrobat
Stlth   ++++         o - +4 ring of slaying
HPRegen 0.41/turn    y - +5 ring of evasion
MPRegen 0.24/turn

%: corrode self (3%), repel missiles, acrobat
@: studying Shields, heavily drained
A: permanent stasis, dig shafts and tunnels, antennae 3, four strong arms
a: Dig, Shaft Self, Renounce Religion


You were on level 1 of the Pits of Slime.
You worshipped Vehumet.
Vehumet was extremely pleased with you.
You visited 8 branches of the dungeon, and saw 30 of its levels.

You collected 4028 gold pieces.
You spent 1790 gold pieces at shops.

Inventory:

Hand Weapons
 a - the +6 morningstar of Daomyhi {flame, Int+6}
   (You bought it in a shop on level 2 of the Orcish Mines)

   Int+6:     It affects your intelligence (+6).
 b - the +5 orcbow of the Crafting Gods (weapon) {elec, *Corrode rPois Str+3}
   (You bought it in a shop on level 2 of the Orcish Mines)

   Str+3:     It affects your strength (+3).
   rPois:     It protects you from poison *Corrode: It may corrode you when you
   take damage.
 K - the +10 scimitar of the Thieving Genius {flame, ^Fragile rPois SInv}
   (You took it off a deep elf pyromancer on level 2 of the Orcish Mines)

   rPois:     It protects you from poison SInv: It lets you see invisible.
   ^Fragile:  It will be destroyed if unequipped.
 M - the +8 mace "Miedwag" {spect, rN++ Int+5 SInv}
   (You took it off a deep elf sorcerer on level 3 of the Elven Halls)

   Int+5:     It affects your intelligence (+5).
   rN++:      It greatly protects you from negative energy.
   SInv:      It lets you see invisible.
 W - a +7 scimitar of holy wrath
 X - a +5 flail of protection
 Y - a +2 eveningstar of electrocution
Missiles
 h - 6 silver javelins
 v - 3 javelins
 Q - a curare-tipped dart
Armour
 e - +0 acid dragon scales (worn)
 g - a scarf of repulsion (worn)
 t - the +2 ring mail "Kagoics" {^Drain rPois Will+ SInv}
   (You found it on level 3 of the Lair of Beasts)

   rPois:     It protects you from poison Will+: It increases your willpower.
   SInv:      It lets you see invisible.
   ^Drain:    It drains your maximum health when unequipped.
 E - a +0 kite shield (worn)
 F - a +3 leather armour of cold resistance
 I - a +0 pair of gloves (worn)
 O - a +0 pair of boots (worn)
Jewellery
 o - a +4 ring of slaying (left hand)
 r - a ring of protection from fire
 w - a ring of flight
 y - a +5 ring of evasion (right hand)
 B - a +4 ring of protection
 N - an amulet of the acrobat (around neck)
Wands
 f - a wand of digging (12)
 n - a wand of paralysis (16)
 p - a wand of mindburst (9)
 x - a wand of polymorph (17)
 A - a wand of light (14)
 S - a wand of iceblast (11)
Scrolls
 c - 3 scrolls of fog
 k - a scroll of silence
 D - 5 scrolls of poison
 J - a scroll of revelation
 P - 11 scrolls of identify
Potions
 d - 3 potions of heal wounds
 i - 3 potions of brilliance
 j - 3 potions of lignification
 q - a potion of enlightenment
 s - a potion of resistance
 C - 7 potions of curing
 H - 12 potions of ambrosia
Miscellaneous
 l - a phantom mirror
 u - a phial of floods


   Skills:
 + Level 11.8 Fighting
 - Level 2.5 Long Blades
 - Level 5.2 Maces & Flails
 - Level 7.4 Ranged Weapons
 - Level 10.0 Armour
 - Level 6.1 Dodging
 - Level 10.0 Stealth
 + Level 17.0 Shields
 + Level 12.4 Spellcasting
 * Level 13.7 Conjurations
 - Level 6.4 Necromancy
 * Level 7.4 Translocations
 - Level 9.4 Fire Magic
 - Level 8.0 Ice Magic
 - Level 6.6 Air Magic
 - Level 6.5 Earth Magic
 - Level 2.0 Evocations


You had one spell level left.
You knew the following spells:

 Your Spells              Type           Power      Damage    Failure   Level
a - Stone Arrow           Conj/Erth      84%        3d12      1%          3
b - Iskenderun's Mystic   Conj/Tloc      43%        2d10      1%          4
c - Apportation           Tloc           66%        N/A       1%          1
d - Fireball              Conj/Fire      23%        3d11      1%          5
l - Freezing Cloud        Conj/Ice/Air   20%        6-21      1%          5
o - Orb of Destruction    Conj           26%        9d9       11%         7
p - Passage of Golubria   Tloc           33%        N/A       5%          4
s - Sticky Flame          Conj/Fire      47%        2d6       1%          4
u - Sublimation of Blood  Necr           30%        N/A       1%          2
E - Conjure Ball Lightni  Conj/Air       21%        3x3d6     8%          6

Your spell library contained the following spells:

 Spells                   Type           Power      Damage    Failure   Level
 Irradiate                Conj/Tmut      15%        3d16      5%          5
 Foxfire                  Conj/Fire      100%       2x1d9     1%          1
 Freeze                   Ice            100%       1d10      1%          1
 Kiss of Death            Conj/Necr      100%       2d13      1%          1
 Magic Dart               Conj           100%       1d8       1%          1
 Necrotise                Necr           100%       1d9       1%          1
 Shock                    Conj/Air       100%       1d9       1%          1
 Slow                     Hex            36%        N/A       12%         1
 Summon Small Mammal      Summ           36%        N/A       12%         1
 Scorch                   Fire           80%        2d8       1%          2
 Frozen Ramparts          Ice            70%        1d11      1%          3
 Gell's Gravitas          Tloc           33%        N/A       1%          3
 Hailstorm                Conj/Ice       44%        3d9       1%          3
 Inner Flame              Hex/Fire       25%        N/A       1%          3
 Mephitic Cloud           Conj/Pois/Air  31%        N/A       1%          3
 Ozocubu's Armour         Ice            35%        N/A       1%          3
 Teleport Other           Tloc           33%        N/A       1%          3
 Flame Wave               Conj/Fire      47%        2d12      1%          4
 Arcjolt                  Conj/Air       21%        1d31      1%          5
 Ignite Poison            Fire/Tmut/Pois 20%        N/A       2%          3
 Vampiric Draining        Necr           30%        2d8       2%          3
 Fulminant Prism          Conj/Hex       15%        3d10      2%          4
 Cigotuvi's Dreadful Rot  Necr/Pois/Air  46%        N/A       3%          2
 Starburst                Conj/Fire      23%        6d8       4%          6
 Animate Dead             Necr           30%        N/A       9%          4
 Dispel Undead            Necr           30%        3d14      9%          4
 Plasma Beam              Fire/Air       17%        2x1d29    17%         6
 Call Imp                 Summ           18%        N/A       19%         2
 Wereblood                Tmut           9%         N/A       19%         2
 Summon Ice Beast         Ice/Summ       22%        N/A       24%         4
 Borgnjor's Vile Clutch   Necr/Erth      15%        N/A       24%         5
 Dimensional Bullseye     Hex/Tloc       10%        N/A       26%         4
 Petrify                  Tmut/Erth      20%        N/A       32%         4
 Call Canine Familiar     Summ           9%         N/A       36%         3
 Confusing Touch          Hex            9%         N/A       36%         3
 Sigil of Binding         Hex            9%         N/A       36%         3
 Summon Guardian Golem    Hex/Summ       9%         N/A       36%         3
 Metabolic Englaciation   Hex/Ice        11%        N/A       54%         5
 Summon Forest            Summ/Tloc      10%        N/A       58%         5
 Yara's Violent Unravell  Hex/Tmut       4%         3d4       61%         5
 Silence                  Hex/Air        10%        N/A       65%         5
 Dispersal                Tloc           16%        N/A       65%         6
 Simulacrum               Ice/Necr       16%        N/A       67%         6
 Death Channel            Necr           15%        N/A       80%         6
 Lehudib's Crystal Spear  Conj/Erth      21%        10d6      95%         8
 Eringya's Noxious Bog    Tmut/Pois      4%         4d6       98%         6
 Haunt                    Necr/Summ      10%        N/A       100%        7
 Summon Hydra             Summ           4%         N/A       100%        7
 Infestation              Necr           15%        N/A       100%        8
 Vhi's Electric Charge    Tloc/Air       Unusable   N/A       N/A         4

Dungeon Overview and Level Annotations

Branches:
Dungeon (15/15)            Temple (1/1) D:7            Lair (5/5) D:8
 Shoals (1/4) Lair:3       Spider (0/4) Lair:3        Slime (1/5) Lair:4
    Orc (2/2) D:12            Elf (3/3) Orc:2        Vaults (0/5) D:14
 Depths (2/4) D:15

Altars:
Ashenzari
Cheibriados
Dithmenos
Elyvilon
Fedhas
Gozag
Hepliaklqana
Kikubaaqudgha
Makhleb
Nemelex Xobeh
Okawaru
Qazlal
Ru
Sif Muna
Trog
Uskayaw
Vehumet
Wu Jian
Xom
Yredelemnul
Zin
The Shining One
Jiyva

Shops:
D:10 [   D:11 [   Orc:1 =   Orc:2 ?!([   Elf:2 *   Elf:3 (

Portals:
Ziggurat: Depths:2

Annotations:
D:13 2 transporters, exclusion: downstairs, Ekaitz's ghost, journeyman DEEE
D:15 exclusion: 2 orange crystal statues
Lair:3 exclusion: downstairs
Shoals:1 Aizul
Elf:2 2 transporters, exclusion: downstairs
Elf:3 2 transporters, Phlounder's ghost, veteran DsBe


Innate Abilities, Weirdness & Mutations

You cannot be hasted, slowed, berserked, paralysed or teleported.
You can dig through walls and to a lower floor.
You have a pair of large antennae on your head. (SInv)
Your four strong arms can wield two-handed weapons with a shield.


Message History

You block the rockslime's attack.
Casting: Iskenderun's Mystic Blast (safe; 1% risk of failure)
Confirm with . or Enter, or press ? or * to list all spells.
You erupt in a blast of force!
The mystic blast hits the azure jelly!
The azure jelly is heavily wounded.
The azure jelly is knocked back by the mystic blast.
The azure jelly slams into the slime covered rock wall!
The azure jelly is severely wounded.
The mystic blast hits the rockslime but does no damage.
The rockslime is lightly wounded.
The rockslime completely misses you. The rockslime misses you.
Casting: Iskenderun's Mystic Blast (safe; 1% risk of failure)
Confirm with . or Enter, or press ? or * to list all spells.
Aiming: Orb of Destruction (dangerous; 11% risk of failure)
Press: ? - help, Shift-Dir - straight line, f - azure jelly
Aim: an azure jelly (severely wounded)
Okay, then.
Unknown command.
Unknown command.
Casting: Orb of Destruction (dangerous; 11% risk of failure)
Confirm with . or Enter, or press ? or * to list all spells.
Aiming: Fireball (mildly dangerous; 1% risk of failure)
Press: ? - help, Shift-Dir - straight line, f - azure jelly
Aim: an azure jelly (severely wounded)
The fireball explodes!
The fireball engulfs the azure jelly!!
The azure jelly is burned terribly!
You kill the azure jelly!
Vehumet accepts your kill.
You feel your power returning. The rockslime hits you!!!
You stumble backwards!
Your Shields skill increases to level 17!
Casting: Fireball (mildly dangerous; 1% risk of failure)
Confirm with . or Enter, or press ? or * to list all spells.
Aiming: Sticky Flame (safe; 1% risk of failure)
Press: ? - help, Shift-Dir - straight line, f - rockslime
Aim: a rockslime (lightly wounded)
The sticky flame hits the rockslime but does no damage.
The rockslime is lightly wounded.
The rockslime is covered in liquid flames!
The rockslime burns!
The rockslime hits you!!!
You die...

...... . ........
....#.#.#.#.#.#.#
.#....#.#.#.#.#..##.
.....#.........#....
.#....#.......#.....
#.#..#.....8...#....
......#.......#....
##....#...<.....# . ##
#......#.......#....
##.###.....#.........#
#...#.#.....#.J...#.#....
.#..#.......#..@..#.#.#.##
........................#
..................#######
..................#
...............#..#
.#.............#.....
#...#......##.###.#..
............### ###.#
.............# ##
.............#
............##
..........#..
..............


You could see a rockslime (burning).

Vanquished Creatures
  Saint Roka (Depths:1)
  4 deep elf blademasters (Elf:3)
  An acid blob (Slime:1)
  2 deep elf master archers (Elf:3)
  Gastronok (Lair:1)
  2 azure jellies (Slime:1)
  A rockslime (Slime:1)
  An orc warlord (Orc:2)
  9 deep elf sorcerers (Elf:3)
  7 deep elf elementalists
  4 very ugly things (Depths:1)
  2 stone giants (Depths:1)
  4 deep elf demonologists (Elf:3)
  5 deep elf death magi (Elf:3)
  8 deep elf annihilators
  A dire elephant (Lair:5)
  6 deep elf high priests (Elf:3)
  3 fire dragons
  4 vault guards (D:14)
  An ice dragon (Depths:1)
  2 rakshasas
  3 hydras
  A merfolk avatar (Lair:5)
  2 sphinx zombies (D:15)
  6 centaur warriors (D:14)
  3 catoblepae
  7 two-headed ogres
  3 boulder beetles
  2 tengu warriors (D:14)
  23 dancing weapons
  5 death yaks
  2 deep troll shamans (Depths:1)
  Nergalle (Lair:2)
  A vampire mage (D:15)
  7 orc high priests
  18 deep elf knights
  4 skysharks
  A sea snake (Lair:5)
  3 skeletal warriors (D:15)
  2 deep trolls (Depths:1)
  Lodul (D:11)
  A flayed ghost (Depths:1)
  3 orange crystal statues
  A glowing orange brain (Depths:1)
  11 deep elf archers
  An arcanist (D:14)
  A lindwurm (Lair:5)
  5 orc knights
  20 deep elf zephyrmancers
  A necromancer (D:15)
  15 deep elf pyromancers
  15 ugly things
  10 cyclopes
  4 orc sorcerers
  6 manticores
  An eye of devastation (Slime:1)
  9 black mambas
  A kobold blastminer (Orc:1)
  9 elephants
  6 gargoyles
  2 torpor snails (Lair:5)
  11 cane toads
  Maggie (D:9)
  3 rime drakes
  A kobold demonologist (D:12)
  An unseen horror (D:13)
  A tengu conjurer (D:14)
  2 freezing wraiths
  9 komodo dragons
  4 yaktaurs (D:13)
  6 polar bears
  3 meliai (D:13)
  A queen bee (D:12)
  7 trolls
  A wind drake (Lair:5)
  A raiju (shapeshifter) (D:15)
  24 blink frogs
  A glass eye (Depths:1)
  3 hornets
  A snapping turtle (Lair:5)
  12 slime creatures
  Prince Ribbit (D:10)
  A culicivora (shapeshifter) (D:14)
  3 shadows
  4 water elementals
  3 air elementals
  A centaur simulacrum (D:14)
  2 wraiths (D:12)
  A yak (shapeshifter) (Elf:2)
  3 wyverns
  Grum (D:9)
  A vampire (D:9)
  5 steam dragons
  43 yaks
  5 fire elementals
  4 wargs
  A warg (shapeshifter) (D:14)
  2 vampire mosquitoes (D:12)
  14 water moccasins
  A sky beast (D:8)
  41 orc warriors
  An ice beast (D:7)
  2 black bears
  4 boggarts (D:15)
  17 wolves
  11 ogres
  7 centaurs
  A phantom (D:4)
  7 bullfrogs
  2 kobold brigands
  5 earth elementals (Elf:1)
  A gnoll sergeant (D:13)
  6 scorpions
  32 killer bees
  7 howler monkeys
  3 electric eels
  A quasit (D:7)
  5 jellies
  4 gnoll boudas
  31 orc priests
  5 hounds
  18 orc wizards
  An iguana (D:7)
  2 sleepcaps
  Natasha (thrice) (D:3)
  7 hell rats (Lair:1)
  2 killer bee zombies (D:7)
  21 gnolls
  4 adders
  5 shadow imps (D:7)
  6 white imps
  6 ufetubi
  3 worms
  13 dart slugs
  81 orcs
  5 bats
  5 endoplasms
  6 giant cockroaches
  8 goblins
  5 hobgoblins
  2 quokkas
  8 ball pythons
  13 kobolds
  5 rats
897 creatures vanquished.

Vanquished Creatures (others)
  A deep elf elementalist (Elf:2)
  A water elemental (Elf:1)
  A killer bee (D:7)
  6 ball lightnings (Depths:1)
9 creatures vanquished.

Grand Total: 906 creatures vanquished

Notes
Turn   | Place    | Note
-------+----------+-------------------------------------------
     0 | D:5      | petzl the Formicid Delver began the quest for the Orb.
     0 | D:5      | Reached XP level 1. HP: 18/18 MP: 1/1
     9 | D:6      | Noticed a scorpion
    10 | D:6      | Found an opulent altar of Gozag.
    82 | D:4      | Noticed a hound
   119 | D:3      | Reached skill level 1 in Spellcasting
   234 | D:3      | Reached XP level 2. HP: 12/24 MP: 4/4
   529 | D:1      | Found a faded altar of an unknown god.
   542 | D:1      | Reached XP level 3. HP: 26/29 MP: 6/6
  1520 | D:2      | Learned a level 1 spell: Foxfire
  1524 | D:2      | Learned a level 3 spell: Hailstorm
  1631 | D:3      | Noticed Natasha
  1637 | D:3      | Killed Natasha
  1638 | D:3      | Reached XP level 4. HP: 35/35 MP: 8/8
  1789 | D:3      | Noticed Natasha
  1799 | D:3      | Killed Natasha
  1800 | D:3      | Reached XP level 5. HP: 28/41 MP: 9/9
  1936 | D:3      | Noticed Natasha
  2010 | D:3      | Killed Natasha
  2011 | D:3      | Reached skill level 1 in Conjurations
  2011 | D:3      | Reached skill level 1 in Fire Magic
  2129 | D:3      | Found an iron altar of Okawaru.
  2157 | D:3      | Reached skill level 1 in Armour
  2510 | D:4      | Reached XP level 6. HP: 48/48 MP: 11/11
  2513 | D:4      | Reached skill level 1 in Ice Magic
  2694 | D:4      | Reached skill level 1 in Ranged Weapons
  2893 | D:4      | Reached XP level 7. HP: 52/54 MP: 12/12
  3806 | D:5      | Found a sacrificial altar of Ru.
  3903 | D:5      | Found a bloodstained altar of Trog.
  4203 | D:5      | Reached XP level 8. HP: 39/61 MP: 13/13
  4673 | D:6      | Found a blossoming altar of Fedhas.
  4676 | D:6      | Found a hide-covered altar of Uskayaw.
  4677 | D:6      | Found a snail-covered altar of Cheibriados.
  4749 | D:7      | You fall into a shaft and drop 2 floors!
  4933 | D:9      | Noticed a troll
  4963 | D:8      | Found the amulet of Elemental Vulnerability {rPois rF--
                  | rC-- AC+8}
  5129 | D:8      | Found a staircase to the Lair.
  5142 | D:8      | Noticed a hornet
  5170 | D:9      | Noticed a two-headed ogre
  5174 | D:9      | You fall into a shaft and drop 3 floors!
  5377 | D:12     | Learned a level 1 spell: Apportation
  5382 | D:12     | Noticed a shadow
  5393 | D:12     | Noticed a kobold demonologist
  5408 | D:13     | Noticed a manticore
  5460 | D:12     | Noticed a slime creature
  5460 | D:12     | Noticed a slime creature
  5469 | D:12     | Noticed a two-headed ogre
  5474 | D:12     | You fall into a shaft and drop 3 floors!
  5474 | D:15     | Entered Level 15 of the Dungeon
  5493 | D:15     | Noticed a manticore
  5501 | D:15     | Noticed a six-headed hydra
  5502 | D:15     | Noticed a skeletal warrior
  5503 | D:15     | Found a staircase to the Depths.
  5503 | D:15     | Noticed a vampire mage
  5505 | D:15     | Noticed a cyclops
  5505 | D:15     | Noticed a slime creature
  5506 | D:15     | Noticed a slime creature
  5507 | D:15     | Noticed a wraith
  5507 | D:15     | Noticed a slime creature
  5867 | D:14     | Noticed a slime creature
  5956 | D:14     | Noticed a tengu warrior
  6004 | D:14     | Noticed a cyan ugly thing
  6096 | D:14     | Noticed a centaur warrior
  6242 | D:14     | Noticed a freezing wraith
  6243 | D:14     | Noticed a cyan ugly thing
  6244 | D:14     | Noticed a manticore
  6245 | D:14     | Noticed a troll
  6247 | D:14     | Noticed a cyan ugly thing
  6248 | D:13     | Noticed a troll
  6259 | D:13     | Killed a troll
  6296 | D:13     | Noticed a yaktaur
  6318 | D:12     | Reached XP level 9. HP: 67/67 MP: 15/15
  6328 | D:12     | Learned a level 6 spell: Plasma Beam
  6449 | D:11     | Noticed a cyclops
  6564 | D:10     | Entered Level 10 of the Dungeon
  6564 | D:10     | Noticed an orange crystal statue
  6571 | D:10     | Reached skill level 5 in Fighting
  6575 | D:10     | Noticed a two-headed ogre
  6743 | D:11     | Found Ligeiloh's Armour Shoppe.
  6789 | D:12     | Noticed a gargoyle
  6827 | D:10     | Found Qunoxt's Armour Shop.
  7100 | D:9      | Reached skill level 1 in Translocations
  7286 | D:11     | Noticed Lodul
  7454 | D:10     | Noticed a two-headed ogre
  7457 | D:10     | Noticed a troll
  7577 | D:10     | Reached XP level 10. HP: 62/74 MP: 17/17
  7716 | D:10     | Found a shadowy altar of Dithmenos.
  7723 | D:9      | Noticed Prince Ribbit
  7867 | D:9      | Noticed Maggie
  7875 | D:9      | Reached skill level 5 in Spellcasting
  7875 | D:9      | Reached skill level 5 in Fire Magic
  7887 | D:9      | Noticed Grum
  8332 | D:6      | Identified the +0 leather armour of the Ecumenical Temple
                  | {MP+9}
  8393 | D:6      | Reached skill level 5 in Conjurations
  8515 | D:7      | Noticed a cyclops
  8576 | D:7      | Found a staircase to the Ecumenical Temple.
  8604 | Temple   | Entered the Ecumenical Temple
  8965 | D:7      | Killed a cyclops
  9096 | D:7      | Found a radiant altar of Vehumet.
  9261 | D:7      | Found a basalt altar of Yredelemnul.
  9655 | D:7      | Identified 2 scrolls of acquirement
  9660 | D:7      | Acquired petzl's Compendium of the Missiles
  9667 | D:7      | Learned a level 4 spell: Sticky Flame
  9671 | D:7      | Learned a level 3 spell: Stone Arrow
  9671 | D:7      | Acquired 607 gold pieces
  9949 | D:7      | Became a worshipper of Vehumet
 10248 | D:8      | Reached skill level 1 in Earth Magic
 10830 | Lair:1   | Entered Level 1 of the Lair of Beasts
 10842 | Lair:1   | Reached XP level 11. HP: 81/81 MP: 19/19
 11222 | D:8      | Reached skill level 5 in Earth Magic
 11332 | Lair:2   | Noticed a death yak
 11335 | Lair:2   | Noticed a death yak
 11335 | Lair:2   | Noticed a death yak
 11335 | Lair:2   | Noticed a death yak
 11337 | Lair:2   | Noticed a death yak
 11378 | Lair:1   | Reached * piety under Vehumet
 11378 | Lair:1   | Offered knowledge of Magic Dart by Vehumet.
 11396 | Lair:1   | HP: 3/121 [cane toad (12)]
 12133 | Lair:1   | Noticed Gastronok
 12371 | D:9      | Reached skill level 5 in Armour
 12727 | D:9      | Killed Grum
 12774 | D:9      | Killed Maggie
 12837 | D:9      | Noticed a manticore
 12850 | D:9      | Killed a manticore
 13276 | D:9      | Learned a level 5 spell: Freezing Cloud
 13282 | D:9      | Learned a level 4 spell: Iskenderun's Mystic Blast
 13517 | D:10     | Killed Prince Ribbit
 13549 | D:10     | Noticed a two-headed ogre
 13775 | D:10     | Killed a two-headed ogre
 13776 | D:10     | Reached XP level 12. HP: 68/89 MP: 15/22
 13869 | D:10     | Found an ornate altar of the Wu Jian Council.
 13974 | D:10     | Identified the +0 robe of Qeravvum {Str+6 Stlth-} (You
                  | found it on level 10 of the Dungeon)
 14074 | D:11     | Reached skill level 1 in Long Blades
 14074 | D:11     | Reached skill level 5 in Ranged Weapons
 14090 | D:11     | Killed Lodul
 14091 | D:11     | Reached skill level 1 in Air Magic
 14398 | D:11     | Noticed a two-headed ogre
 14412 | D:11     | Killed a two-headed ogre
 14412 | D:11     | Reached ** piety under Vehumet
 14509 | D:11     | Offered knowledge of Momentum Strike by Vehumet.
 14679 | D:11     | Noticed a two-headed ogre
 14687 | D:11     | Killed a two-headed ogre
 14947 | D:11     | Noticed a two-headed ogre
 14954 | D:11     | Killed a two-headed ogre
 15486 | D:12     | Reached skill level 5 in Ice Magic
 15623 | D:12     | Found a staircase to the Orcish Mines.
 15708 | D:12     | Killed a two-headed ogre
 16294 | D:12     | Noticed a two-headed ogre
 16306 | D:12     | Killed a two-headed ogre
 16600 | D:12     | Noticed a fire dragon
 16740 | D:12     | Reached XP level 13. HP: 82/95 MP: 24/24
 16918 | D:14     | Noticed a fire dragon
 16926 | D:14     | Offered knowledge of Mephitic Cloud by Vehumet.
 16927 | D:14     | Noticed a centaur warrior
 16933 | D:14     | Killed a centaur warrior
 16933 | D:14     | Noticed a vault guard
 16934 | D:14     | Reached skill level 1 in Shields
 16940 | D:14     | Killed a vault guard
 16941 | D:14     | Reached skill level 2 in Shields
 17048 | D:14     | Noticed a vault guard
 17054 | D:14     | Noticed a centaur warrior
 17054 | D:14     | Killed a vault guard
 17055 | D:14     | Reached skill level 3 in Shields
 17059 | D:14     | Killed a centaur warrior
 17200 | Orc:1    | Entered Level 1 of the Orcish Mines
 17211 | Orc:1    | Reached skill level 4 in Shields
 17213 | Orc:1    | Reached *** piety under Vehumet
 17641 | Orc:1    | Found Ynupsat's Jewellery Shop.
 17701 | Orc:2    | Entered Level 2 of the Orcish Mines
 17860 | Orc:1    | Reached skill level 5 in Shields
 18089 | Orc:1    | Reached skill level 5 in Air Magic
 18330 | Orc:2    | Offered knowledge of Brom's Barrelling Boulder by Vehumet.
 18548 | Orc:2    | Found a staircase to the Elven Halls.
 18603 | Orc:2    | Reached skill level 6 in Shields
 18668 | Orc:2    | Reached **** piety under Vehumet
 18848 | Orc:2    | Offered knowledge of Yara's Violent Unravelling by Vehumet.
 19069 | Orc:2    | Reached skill level 7 in Shields
 19263 | Orc:2    | Identified the +10 scimitar of the Thieving Genius {flame,
                  | ^Fragile rPois SInv}
 19272 | Orc:2    | Reached XP level 14. HP: 90/103 MP: 9/26
 19280 | Orc:2    | Reached ***** piety under Vehumet
 19283 | Orc:2    | Offered knowledge of Iskenderun's Battlesphere by Vehumet.
 19569 | Orc:2    | Reached skill level 8 in Shields
 19642 | Orc:2    | Noticed an orc warlord
 19657 | Orc:2    | Killed an orc warlord
 20150 | Orc:2    | Found Kinem's Antique Armour Shoppe.
 20152 | Orc:2    | Found Akobot's Distillery.
 20152 | Orc:2    | Found Veinoqo's Antique Weapon Emporium.
 20153 | Orc:2    | Found Ivaal's Magic Scroll Shoppe.
 20160 | Orc:2    | Bought an encrusted orcbow for 221 gold pieces
 20160 | Orc:2    | Identified the +5 orcbow of the Crafting Gods {elec,
                  | *Corrode rPois Str+3} (You bought it in a shop on level 2
                  | of the Orcish Mines)
 20165 | Orc:2    | Bought a potion of curing for 36 gold pieces
 20165 | Orc:2    | Bought a potion of curing for 36 gold pieces
 20165 | Orc:2    | Bought a potion of mutation for 96 gold pieces
 20165 | Orc:2    | Bought a potion of curing for 36 gold pieces
 20165 | Orc:2    | Bought 2 potions of curing for 72 gold pieces
 20166 | Orc:2    | Bought 2 scrolls of poison for 112 gold pieces
 20166 | Orc:2    | Bought a scroll of identify for 28 gold pieces
 20166 | Orc:2    | Bought a scroll of identify for 28 gold pieces
 20166 | Orc:2    | Bought a scroll of enchant weapon for 105 gold pieces
 20166 | Orc:2    | Bought a scroll of enchant armour for 105 gold pieces
 20166 | Orc:2    | Bought a scroll of identify for 28 gold pieces
 20166 | Orc:2    | Bought a scroll of fear for 56 gold pieces
 20169 | Orc:2    | Bought a fine morningstar for 234 gold pieces
 20169 | Orc:2    | Identified the +6 morningstar of Daomyhi {flame, Int+6}
                  | (You bought it in a shop on level 2 of the Orcish Mines)
 20170 | Orc:2    | Bought a transparent ring mail for 297 gold pieces
 20170 | Orc:2    | Identified the +0 ring mail of Ciwofuf {Dex+5} (You bought
                  | it in a shop on level 2 of the Orcish Mines)
 20667 | Lair:1   | Reached skill level 9 in Shields
 20679 | Lair:1   | Killed Gastronok
 21022 | Lair:1   | Reached skill level 1 in Evocations
 21214 | Lair:2   | Noticed Nergalle
 21745 | Lair:2   | Killed Nergalle
 21975 | Lair:2   | Reached skill level 10 in Stealth
 22687 | Lair:2   | You fall into a shaft and drop 1 floor!
 22854 | Lair:5   | Entered Level 5 of the Lair of Beasts
 22924 | Lair:5   | Reached XP level 15. HP: 81/110 MP: 26/28
 22936 | Lair:5   | Reached skill level 10 in Shields
 23615 | Lair:3   | Reached skill level 10 in Spellcasting
 23732 | Lair:3   | Learned a level 5 spell: Fireball
 23839 | Lair:3   | Found a staircase to the Shoals.
 23876 | Lair:3   | Identified the +2 ring mail "Kagoics" {^Drain rPois Will+
                  | SInv}
 24040 | Lair:3   | Found a hole to the Spider Nest.
 24506 | Lair:4   | Found a viscous altar of Jiyva.
 24507 | Lair:4   | Found a staircase to the Slime Pits.
 24573 | Lair:4   | Reached skill level 5 in Dodging
 25793 | Orc:1    | Bought an amulet of the acrobat for 300 gold pieces
 26141 | Lair:5   | Offered knowledge of Conjure Ball Lightning by Vehumet.
 26166 | Lair:5   | Reached skill level 11 in Shields
 27481 | Shoals:1 | Entered Level 1 of the Shoals
 27481 | Shoals:1 | Identified the serpent talisman "Ylyec" {Fly SInv}
 27481 | Shoals:1 | Noticed Aizul
 27491 | Lair:3   | Learned a level 6 spell: Conjure Ball Lightning
 27605 | D:10     | You fall into a shaft and drop 2 floors!
 28291 | D:13     | Reached XP level 16. HP: 113/120 MP: 28/30
 28479 | D:13     | Found a transporter.
 28480 | D:13     | Noticed Ekaitz's ghost (journeyman DEEE)
 28676 | D:14     | Reached skill level 10 in Conjurations
 28710 | D:14     | Found a gate to the Vaults.
 29255 | D:14     | Offered knowledge of Orb of Destruction by Vehumet.
 29495 | D:12     | Learned a level 7 spell: Orb of Destruction
 29782 | D:13     | Reached skill level 5 in Maces & Flails
 30003 | D:13     | Found a transporter.
 30093 | D:13     | Reached skill level 12 in Shields
 30555 | D:14     | Reached skill level 10 in Fighting
 30632 | D:14     | Learned a level 2 spell: Sublimation of Blood
 31321 | D:15     | Reached skill level 1 in Necromancy
 32481 | Depths:1 | Entered Level 1 of the Depths
 32658 | Depths:1 | Found a stormy altar of Qazlal.
 32924 | Depths:1 | Reached XP level 17. HP: 116/128 MP: 23/32
 33194 | Depths:2 | Offered knowledge of Ozocubu's Refrigeration by Vehumet.
 33297 | Depths:2 | Found a one-way gateway to a ziggurat.
 33467 | Depths:1 | Noticed Saint Roka
 33489 | Depths:1 | Killed Saint Roka
 33490 | Depths:1 | Reached skill level 5 in Necromancy
 34427 | Elf:1    | Entered Level 1 of the Elven Halls
 36343 | Elf:3    | Entered Level 3 of the Elven Halls
 36343 | Elf:3    | Noticed a deep elf blademaster
 36345 | Elf:3    | Noticed Phlounder's ghost (veteran DsBe)
 36351 | Elf:3    | Noticed a deep elf blademaster
 36586 | Elf:2    | Reached skill level 13 in Shields
 36702 | Elf:1    | Offered knowledge of Bombard by Vehumet.
 37680 | Elf:1    | Learned a level 4 spell: Passage of Golubria
 38033 | Elf:2    | Found a transporter.
 38033 | Elf:2    | Found Ugeokh's Assorted Antiques.
 38035 | Elf:2    | Found a transporter.
 38139 | Elf:3    | Identified the ring "Tadaucus" {EV+5 Dex+2}
 38139 | Elf:3    | Noticed a deep elf blademaster
 38139 | Elf:3    | Found a transporter.
 38139 | Elf:3    | Found a transporter.
 38153 | Elf:3    | Noticed a deep elf blademaster
 38331 | Elf:3    | Found a bloodstained altar of Trog.
 38588 | Elf:2    | Found a runed translucent gate.
 38589 | Elf:2    | Found a runed translucent gate.
 38589 | Elf:2    | Found a runed translucent gate.
 38655 | Elf:3    | Reached XP level 18. HP: 123/136 MP: 33/33
 38766 | Elf:2    | Found a shimmering blue altar of Sif Muna.
 38866 | Elf:3    | Found Foacs's Weapon Emporium.
 38971 | Elf:3    | Reached skill level 14 in Shields
 39358 | Elf:3    | Identified the +8 mace "Miedwag" {spect, rN++ Int+5 SInv}
 39473 | Elf:3    | Noticed a deep elf master archer
 39482 | Elf:2    | Reached skill level 5 in Translocations
 39636 | Elf:3    | Killed a deep elf master archer
 39740 | Elf:3    | Noticed a deep elf blademaster
 39973 | Elf:3    | Killed a deep elf blademaster
 39988 | Elf:3    | Identified the +5 short sword "Yblidem" {heavy, *Slow Int+3
                  | Stlth+}
 40262 | Elf:3    | Noticed a deep elf blademaster
 40286 | Elf:3    | Killed a deep elf blademaster
 40609 | Elf:3    | Reached skill level 15 in Shields
 40630 | Elf:3    | Noticed a deep elf blademaster
 40641 | Elf:3    | Killed a deep elf blademaster
 41081 | Elf:3    | Identified the +1 dire flail "Wuutem" {freeze, ^Contam
                  | rElec rF+ Str+3}
 41582 | Elf:3    | Identified the +1 chain mail of Festooned Contentment
                  | {rPois}
 41594 | Elf:3    | Reached skill level 10 in Armour
 41603 | Elf:3    | Noticed a deep elf blademaster
 41942 | Elf:3    | Reached skill level 16 in Shields
 42254 | Elf:3    | Killed a deep elf blademaster
 42419 | Elf:2    | Offered knowledge of Irradiate by Vehumet.
 42754 | Elf:3    | Identified the +1 arbalest "Hiuqob" {antimagic, rC+}
 42826 | Elf:3    | Noticed a deep elf master archer
 42828 | Elf:3    | Killed a deep elf master archer
 43047 | Elf:3    | Identified the staff of Iczahoeh {rPois rN+ Necro}
 43049 | Elf:3    | Identified the +1 chain mail "Veol" {rPois Str+2}
 43099 | Elf:3    | Got the Catalogue of Scorching Shapes
 43288 | Elf:2    | Reached XP level 19. HP: 136/144 MP: 27/35
 44885 | Lair:3   | Learned a level 2 spell: Sublimation of Blood
 44923 | Slime:1  | Entered Level 1 of the Pits of Slime
 45587 | Slime:1  | Reached skill level 17 in Shields
 45587 | Slime:1  | Slain by a rockslime

Illustrated notes

Levels and vault maps discovered:
D:1:      tarquinn_simple_flora_water_a, layout_loops_ring,
          basic_ecumenical_altar
D:2:      layout_rooms, kennysheep_generic_room_2
D:3:      layout_loops_cross, okawaru_altar_gauntlet_db, st_stairs_6,
          uniq_natasha
D:4:      layout_loops_ring, serial_rivers, chequers_serial_rivers_marsh,
          chequers_serial_rivers_large_a, chequers_serial_rivers_micro_b,
          chequers_serial_rivers_large_b, chequers_serial_rivers_small_3,
          roderic_lattice_a, minmay_pentangle
D:5:      black_bear_nest_1, layout_cave_pools, nicolae_ru_sacrificial_ziggurat,
          mainiacjoe_overflow_tiny_flanked
D:6:      layout_cave_pools, old_standard_altar,
          gammafunk_temple_overflow_forgotten, portal_sewer_entry_a
D:7:      kennysheep_slugbush, layout_basic, mainiacjoe_overflow_paths,
          lemuel_zombie_altar_yredelemnul, minmay_temple_entry_trees,
          serial_demonic, serial_demonic_a, serial_demonic_b, serial_demonic_a,
          serial_demonic_f, nicolae_elevator_lobby_plus
D:8:      layout_loops_corners, erik_lair_orcish_takeover,
          nicolae_ossuary_entry_ruins
D:9:      layout_basic, dk_noncrumbling_4, uniq_maggie, uniq_prince_ribbit1,
          uniq_grum
D:10:     layout_rooms, pdpol_wu_jian_five_deadly_venoms,
          grunt_dithmenos_shadows, serial_shops, nicolae_shop_hallway_stairs,
          minmay_statue_bubble
D:11:     layout_roguey, serial_shops, shop, uniq_lodul
D:12:     layout_stronghold, orc_0_dummy, serial_column_ruins,
          column_ruins_hut_pillars, column_ruins_hut,
          column_ruins_columns_dead_end, column_ruins_columns_corner,
          column_ruins_columns_corner, column_ruins_open_tiny,
          column_ruins_open_medium
D:13:     layout_roguey [special_room_bee], gammafunk_ghost_stat_death
D:14:     minmay_bloctagon, layout_basic, lightli_vaults_fourway_checkpoint,
          nicolae_elevator_lobby_asterisk, nicolae_zig_zag_zippers
D:15:     gammafunk_depths_entry_grave, layout_layer_cave, minivault_14,
          minmay_more_statues
Temple:   bh_familiar_temple
Lair:1:   beast_lair_carwin_large_3, layout_loops_ring, uniq_gastronok
Lair:2:   layout_gridlike, ldierk_geyser, serial_bayou_shore_a,
          grunt_megastairs_1, infiniplex_staircase_pool, uniq_nergalle
Lair:3:   layout_small_grid, shoals_dummy_entry,
          nicolae_spider_entry_non_spiders, dreamdust_deal_with_the_devil
Lair:4:   layout_cellular_growth, slime_entry_1
Lair:5:   gammafunk_lair_ancient_temple, layout_hall_layers,
          gauntlet_entry_generic, serial_bayou_pond_e
Shoals:1: layout_shoals, serial_shops, nicolae_shop_stone,
          nicolae_shoals_lost_giant_hut, nicolae_splish_splash, uniq_aizul,
          uniq_josephine
Slime:1:  layout_caves, cheibrodos_slime_lost_civilization_6
Orc:1:    layout_caves, serial_shops, shop
Orc:2:    st_orc_pillars, layout_diamond_mine, basic_altar, elf_legates
Elf:1:    layout_geoelf_grid, minivault_28, minivault_16, st_stairs_12,
          lemuel_flame_loot_1
Elf:2:    nicolae_elf_blades_crystal_corner, layout_loops_ring, serial_shops,
          nicolae_shop_drivethru, lemuel_upstairs_altar
Elf:3:    nooodl_elf_gasket, layout_rooms, serial_shops, shop,
          gammafunk_ghost_wrathful_warriors
Depths:1: nicolae_cairo_tiling, layout_gridville, pf_hell_entry_tar_spiral,
          grunt_qazlal_clouds, dpeg_stationary_puzzle, uniq_saint_roka
Depths:2: minmay_outward_triangles, layout_gridlike, enter_ziggurat_b,
          fountainhead, grunt_pan_entry_in_and_out, hell_entry,
          infiniplex_staircase_pool_2

Skill      XL: |  1  2  3  4  5  6  7  8  9 10 11 12 13 14 15 16 17 18 19 |
---------------+----------------------------------------------------------+-----
Spellcasting   | 1 2 3 4 5 7 8 9 10 11 12 | 12.4
Dodging        | 2 3 4 5 6 |  6.1
Conjurations   | 1 2 3 4 5 6 7 8 9 11 12 13 | 13.7
Fire Magic     | 1 2 3 4 6 7 8 9 |  9.4
Armour         | 1 2 3 5 6 7 8 10 | 10.0
Ice Magic      | 1 2 3 4 5 7 8 |  8.0
Ranged Weapons | 1 2 3 4 5 6 7 |  7.4
Fighting       | 4 5 6 7 8 9 10 11 | 11.8
Stealth        | 7 8 9 10 | 10.0
Translocations | 1 2 3 4 7 |  7.4
Earth Magic    | 2 5 6 |  6.5
Long Blades    | 2 |  2.5
Air Magic      | 3 6 |  6.6
Shields        | 7 9 11 12 13 16 17 | 17.0
Evocations     | 2 |  2.0
Maces & Flails | 3 4 5 |  5.2
Necromancy     | 4 6 |  6.4

Action                     |  1- 3 |  4- 6 |  7- 9 | 10-12 | 13-15 | 16-18 | 19-21 || total
---------------------------+-------+-------+-------+-------+-------+-------+-------++-------
  Melee: Mace              |    78 |    60 |    48 |       |       |       |       ||   186
         Punch             |       |     1 |       |     1 |       |       |       ||     2
         Short sword       |       |       |       |     9 |       |       |       ||     9
         Scimitar          |       |       |       |     1 |    17 |       |       ||    18
         Morningstar       |       |       |       |       |    33 |    49 |     3 ||    85
   Fire: Sling             |       |    41 |   303 |   681 |   251 |       |       ||  1276
         Orcbow            |       |       |       |       |   361 |   452 |    34 ||   847
  Throw: Dart              |       |       |       |     7 |     1 |     2 |       ||    10
         Javelin           |       |       |       |     3 |     9 |     2 |       ||    14
   Cast: Stone Arrow       |       |       |       |   153 |    59 |    38 |       ||   250
         Sticky Flame      |       |       |       |    13 |    29 |    29 |     2 ||    73
         Apportation       |       |       |       |     4 |       |       |       ||     4
         Freezing Cloud    |       |       |       |     2 |   184 |   189 |    17 ||   392
         Iskenderun's Myst |       |       |       |       |    55 |    62 |     8 ||   125
         Fireball          |       |       |       |       |     4 |    37 |     3 ||    44
         Orb of Destructio |       |       |       |       |       |    31 |    23 ||    54
         Conjure Ball Ligh |       |       |       |       |       |     2 |       ||     2
         Passage of Golubr |       |       |       |       |       |     5 |       ||     5
         Sublimation of Bl |       |       |       |       |       |       |     1 ||     1
Ability: Dig               |       |     1 |     3 |     4 |     2 |     4 |       ||    14
         Shaft Self        |       |       |     3 |       |     2 |       |       ||     5
  Evoke: Wand              |       |       |     3 |     9 |     6 |     3 |     2 ||    23
    Use: Scroll            |       |       |    18 |    10 |     9 |     4 |       ||    41
         Potion            |       |       |       |     6 |     3 |     5 |       ||    14
   Stab: Sleeping          |    14 |     2 |       |       |       |       |       ||    16
         Paralysed         |       |       |     4 |     3 |       |       |       ||     7
         Distracted        |       |       |     1 |       |       |       |       ||     1
         Petrified         |       |       |       |       |     2 |       |       ||     2
 Armour: Leather armour    |    33 |    32 |    73 |    75 |   122 |       |       ||   335
         Ring mail         |       |       |    99 |   195 |    33 |   173 |    11 ||   511
         Skin              |       |       |       |     9 |       |       |       ||     9
         Acid dragon scale |       |       |       |       |       |       |    10 ||    10
  Dodge: Dodged            |    35 |    63 |   319 |   511 |   230 |   181 |    13 ||  1352
         Repelled          |       |       |     3 |     7 |     5 |     6 |       ||    21
  Block: Kite shield       |       |       |       |       |    90 |   166 |    10 ||   266

Table legend: (Time is in decaauts)
 A = Elapsed time spent in this place.
 B = Non-inter-level travel time spent in this place.
 C = Inter-level travel time spent in this place.
 D = Time resting spent in this place.
 E = Time spent auto-exploring this place.
 F = Levels seen in this place.
 G = Mean time per level.
                   A        B        C        D        E       F      G
               +--------+--------+--------+--------+--------+-----+--------+
         Total |  46407 |  42415 |   3992 |  17744 |  12954 |  30 | 1546.9 |
       Dungeon |  23162 |  21088 |   2074 |   7205 |   7725 |  15 | 1544.1 |
        Temple |      1 |      0 |      1 |      0 |      0 |   1 |    1.0 |
          Lair |   8273 |   7391 |    882 |   2882 |   2764 |   5 | 1654.6 |
        Shoals |      1 |      1 |      0 |      0 |      0 |   1 |    1.0 |
    Slime Pits |     79 |     76 |      3 |      0 |      1 |   1 |   79.0 |
  Orcish Mines |   3524 |   2930 |    594 |   1430 |    675 |   2 | 1762.0 |
   Elven Halls |   9976 |   9539 |    437 |   5690 |   1578 |   3 | 3325.3 |
        Depths |   1385 |   1385 |      0 |    535 |    211 |   2 |  692.5 |
               +--------+--------+--------+--------+--------+-----+--------+

Top non-repeatable levels by time:
   Elf:2: 4452 daAuts
   Elf:1: 2917 daAuts
   Elf:3: 2606 daAuts
    D:12: 2579 daAuts
    D:14: 2471 daAuts
   Orc:2: 2440 daAuts
  Lair:4: 2245 daAuts
     D:8: 2163 daAuts
  Lair:1: 2142 daAuts
    D:15: 2070 daAuts
    D:10: 1988 daAuts
    D:11: 1803 daAuts
     D:9: 1729 daAuts
     D:7: 1672 daAuts
  Lair:5: 1476 daAuts
